 Dungeon Crawl Stone Soup version 0.21-a0-133-gf55ed5b (webtiles) character file.

42 4thArraOfDagon the Shooter (level 3, -2/30 HPs)
             Began as a Gnoll Wanderer on July 17, 2017.
             Slain by Sigmund
             ... wielding a +4 scythe of protection
              (9 damage)
             ... on level 2 of the Dungeon.
             The game lasted 00:03:10 (802 turns).

4thArraOfDagon the Shooter (Gnoll Wanderer)          Turns: 802, Time: 00:03:12

Health: -2/30      AC:  3    Str:  7    XL:     3   Next: 56%
Magic:  4/4        EV:  7    Int:  7    God:
Gold:   77         SH:  0    Dex:  7    Spells: 2/2 levels left

rFire    . . .     SeeInvis .   h - +0 spear (venom)
rCold    . . .     Gourm    .   (no shield)
rNeg     . . .     Faith    .   n - +0 leather armour (curse)
rPois    .         Spirit   .   (no helmet)
rElec    .         Reflect  .   (no cloak)
rCorr    .         Harm     .   (no gloves)
MR       .....                  (no boots)
Stlth    +.........             (no amulet)
HPRegen  0.10/turn              p - -3 ring of evasion (curse)
MPRegen  0.09/turn              (no ring)

@: flying, very slightly contaminated, invisible
A: unchanging attributes, fangs 1, strong nose
a: no special abilities


You were on level 2 of the Dungeon.
You were not hungry.

You visited 1 branch of the dungeon, and saw 3 of its levels.

You collected 77 gold pieces.

Inventory:

Hand Weapons
 b - a +0 shortbow
 h - a +0 spear of venom (weapon)
Missiles
 c - 35 arrows
Armour
 d - a +0 shield
 e - a +0 robe
 n - a cursed +0 leather armour (worn)
Jewellery
 p - a cursed -3 ring of evasion (left hand)
Wands
 a - a wand of flame (15/48)
Scrolls
 k - 2 scrolls of identify {unknown}
 l - 3 scrolls of enchant weapon {unknown}
 o - a scroll of fear {unknown}
Comestibles
 f - 3 bread rations
 j - 2 meat rations
 m - a royal jelly


   Skills:
 - Level 4.0 Fighting
 * Level 5.9 Bows
 - Level 2.6 Armour
 - Level 1.3 Shields
 - Level 1.3 Evocations


You had 2 spell levels left.
You didn't know any spells.

Dungeon Overview and Level Annotations

Branches:
Dungeon (3/15)

Altars:

Annotations:
D:2 Sigmund
D:3 Grinder


Innate Abilities, Weirdness & Mutations

Your physical attributes are unchanging.
You have very sharp teeth.
Your uncanny sense of smell can sniff out nearby items.


Message History

Attack whom?
Press: ? - help, Dir - move target cursor, f/p - Sigmund
Aim: Sigmund, wielding a scythe of protection and wearing a robe (poisoned)
You reach to attack!
You hit Sigmund but do no damage.
Sigmund hits you from afar with a scythe of protection!
* * * LOW HITPOINT WARNING * * *
Unknown command.
Unknown command.
It was a potion of curing.
You feel better.
Unknown command.
It was a potion of invisibility.
You fade into invisibility!
Sigmund barely misses you.
You are very lightly contaminated with residual magic.
Unknown command.
It was a potion of flight.
You feel very buoyant.
You fly up into the air.
Sigmund hits you from afar with a scythe of protection!
You die...

####### ###########
#.....# #.@...@.... ####
#.###.# #.######### ...#
#.# #.# #@# ##.# #.# #.#
#.# #.###.###.#####.###
#......)>.........#
#####.##..###.#.#.# #
#.##..# #.#.#.#
######.##..# #.#.#.#
#..........###...#.####<..
.)####).............)...#


You could see Sigmund.

Vanquished Creatures
  An ooze (D:2)
  A dart slug (D:2)
  2 giant cockroaches
  4 goblins
  5 hobgoblins
  2 quokkas (D:2)
  A ball python (D:2)
  3 bats
  11 kobolds
  2 rats (D:1)
32 creatures vanquished.

Vanquished Creatures (others)
  2 fungi (D:2)
  10 toadstools (D:2)
12 creatures vanquished.

Grand Total: 44 creatures vanquished

Notes
Turn   | Place    | Note
-------+----------+-------------------------------------------
     0 | D:1      | 4thArraOfDagon the Gnoll Wanderer began the quest for the Orb.
     0 | D:1      | 4thArraOfDagon set off with: a wand of flame (15/48), a +0 shortbow, 25 arrows, a +0 shield, a +0 robe, a bread ration
     0 | D:1      | Reached XP level 1. HP: 19/19 MP: 2/2
   121 | D:1      | Reached XP level 2. HP: 16/25 MP: 3/3
   204 | D:2      | Reached skill level 5 in Bows
   375 | D:2      | Reached XP level 3. HP: 19/30 MP: 4/4
   451 | D:3      | Noticed Grinder
   789 | D:2      | Noticed Sigmund
   799 | D:2      | HP: 1/30 [Sigmund/scythe of protection (9)]
   802 | D:2      | Slain by Sigmund

Vault maps used:
D:1:      dpeg_arrival_court
D:2:      cheibrodos_fertilizer, amethyst_overflow_temple_binary, first_bread,
          uniq_sigmund
D:3:      lemuel_coloured_pillars_altar, lemuel_round_altar, uniq_grinder

Skill      XL: |  1  2 |
---------------+-------+-----
Bows           | 5 |  5.9
Fighting       | |  4.0
Armour         | |  2.6
Shields        | |  1.3
Evocations     | |  1.3

Action                   || total
-------------------------++-------
Melee: Spear             ||   106
       Bite              ||     4
 Fire: Shortbow          ||    14
  Use: Potion            ||     4
Armor: Robe              ||     6
       Leather armour    ||    17
Dodge: Dodged            ||    43
